 Dungeon Crawl Stone Soup version 0.31-a0-1074-g0b22e4e0f1 (webtiles) character file.

Game seed: 10788842808620215889

21 gelatine the Firebug (level 2, -3/19 HPs)
             Began as a Demonspawn Fire Elementalist on Dec 3, 2023.
             Slain by a gnoll
             ... wielding a +0 whip
              (9 damage)
             ... on level 1 of the Dungeon.
             The game lasted 00:02:38 (1019 turns).

gelatine the Firebug (Demonspawn Fire Elementalist) Turns: 1019, Time: 00:02:38

Health: -3/19      AC:  2    Str:  8    XL:     2   Next: 65%
Magic:  4/5        EV: 12    Int: 16    God:
Gold:   189        SH:  5    Dex: 13    Spells: 4/5 levels left

rFire   + . .        j - staff of fire
rCold   . . .        (no shield)
rNeg    . . .        a - +0 robe
rPois   .            (no helmet)
rElec   .            (no cloak)
rCorr   .            (no gloves)
SInv    .            (no boots)
Will    .....        d - amulet of reflection
Stlth   ++           (no ring)
HPRegen 0.23/turn    (no ring)
MPRegen 0.09/turn

%: reflection
@: no status effects
A: sturdy frame 1
a: no special abilities


You were on level 1 of the Dungeon.
You visited 1 branch of the dungeon, and saw 2 of its levels.

You collected 189 gold pieces.

Inventory:

Hand Weapons
 b - a +0 short sword
Armour
 a - a +0 robe (worn)
Magical Staves
 j - a staff of fire (weapon)
Jewellery
 d - an amulet of reflection (around neck)
Scrolls
 c - a scroll of fear {unknown}
 g - a scroll of fog {unknown}
Potions
 e - a potion of curing {unknown}
 f - a potion of degeneration {unknown}
 h - a potion of resistance {unknown}
 i - a potion of heal wounds {unknown}


   Skills:
 + Level 2.0 Dodging
 + Level 2.0 Stealth
 * Level 0.1 Shields
 + Level 2.2 Spellcasting
 + Level 1.3 Conjurations
 * Level 3.0 Fire Magic


You had 4 spell levels left.
You knew the following spells:

 Your Spells              Type           Power      Damage    Failure   Level
a - Foxfire               Conj/Fire      52%        2x1d6     9%          1

Your spell library contained the following spells:

 Spells                   Type           Power      Damage    Failure   Level
 Scorch                   Fire           34%        2d6       9%          2
 Inner Flame              Hex/Fire       9%         N/A       32%         3
 Volatile Blastmotes      Fire/Tloc      18%        2d11      32%         3
 Flame Wave               Conj/Fire      13%        2d6       63%         4


Dungeon Overview and Level Annotations

Branches:
Dungeon (2/15)

Altars:


Innate Abilities, Weirdness & Mutations

Your movements are slightly less encumbered by armour. (ER -2)


Message History

Done exploring.
There is a stone staircase leading down here.
You climb downwards.
The gnoll shouts! x2; The kobold shouts!
Found three items.
There is a stone staircase leading up here.
You feel a surge of power!
You conjure some foxfire!
The endoplasm quivers.
The foxfire hits the endoplasm.
The endoplasm is heavily wounded.
The foxfire hits the kobold but does no damage.
The kobold throws a stone.
The stone hits you but does no damage. The gnoll closely misses you.
You climb upwards.
There is a stone staircase leading down here.
You hit the endoplasm.
The endoplasm is severely wounded.
You block the gnoll's attack.
The endoplasm hits you but does no damage.
You hit the endoplasm but do no damage.
The endoplasm is severely wounded.
The gnoll hits you with a +0 whip! The endoplasm misses you.
You completely miss the endoplasm.
The endoplasm is severely wounded.
The gnoll barely misses you. You block the endoplasm's attack.
You hit the endoplasm.
The endoplasm is almost dead.
The gnoll completely misses you. The endoplasm freezes you.
You are frozen.
You hit the endoplasm.
You kill the endoplasm!
You block the gnoll's attack. The gnoll completely misses you.
The gnoll hits you with a +0 whip.
You are too injured to fight recklessly!
Casting: Foxfire (safe; 9% risk of failure)
Confirm with . or Enter, or press ? or * to list all spells.
You feel a surge of power!
You conjure some foxfire!
The gnoll hits you with a +0 whip!
You die...

#...#
#.............###########
###...###.#####.....)......#
..........# #....##......#
..........# #..#.........#
..........# #..####.....[#
###...###.#####..####......#
#...# #.............###### #
#...# #####.##v##.###
####### #...# #.##@##.###


#PPPPP# #...##### #.##vg....# ##P...P# #.......# #.#####.#.# #.P...P. #######.#
#.#####.#.# #.P...P. ##.###.......#.####.P.PPP.
########.......######.........##. .......#..####.# ######.#####>
###....#..####.# #....... # #.........##.# ######## You could see a gnoll (ally
target).

Vanquished Creatures
  A dart slug (D:1)
  A bat (D:1)
  An endoplasm (D:1)
  2 goblins (D:1)
  2 hobgoblins (D:1)
  4 kobolds (D:1)
  2 quokkas (D:1)
  2 ball pythons (D:1)
  A frilled lizard (D:1)
  A rat (D:1)
17 creatures vanquished.

Vanquished Creatures (others)
  46 foxfires
46 creatures vanquished.

Grand Total: 63 creatures vanquished

Notes
Turn   | Place    | Note
-------+----------+-------------------------------------------
     0 | D:1      | gelatine the Demonspawn Fire Elementalist began the quest
                  | for the Orb.
     0 | D:1      | Reached XP level 1. HP: 13/13 MP: 3/3
   173 | D:1      | Gained mutation: Your movements are slightly less
                  | encumbered by armour. (ER -2) [demonic ancestry]
   173 | D:1      | Reached XP level 2. HP: 19/19 MP: 3/5
   201 | D:1      | Reached skill level 3 in Fire Magic
  1019 | D:1      | Slain by a gnoll

Illustrated notes

Levels and vault maps discovered:
D:1:      dpeg_arrival_rooms_c, layout_loops_cross, st_stairs_5,
          minmay_gold_behind_fungi
D:2:      layout_rooms, shapermc_ecumenical_altar_mp_urbaneastern

Skill      XL: |  1  2 |
---------------+-------+-----
Stealth        | 2 |  2.0
Fire Magic     | 3 |  3.0
Dodging        | 2 |  2.0
Shields        | |  0.1
Spellcasting   | |  2.2
Conjurations   | |  1.3

Action                     || total
---------------------------++-------
  Melee: Unarmed           ||     5
         Staff             ||     8
         Short sword       ||     1
   Cast: Foxfire           ||    30
    Use: Potion            ||     1
 Armour: Robe              ||    12
  Dodge: Dodged            ||    12
  Block: Other             ||     4
         Reflection        ||     1

Table legend: (Time is in decaauts)
 A = Elapsed time spent in this place.
 B = Non-inter-level travel time spent in this place.
 C = Inter-level travel time spent in this place.
 D = Time resting spent in this place.
 E = Time spent auto-exploring this place.
 F = Levels seen in this place.
 G = Mean time per level.
                   A        B        C        D        E       F      G
               +--------+--------+--------+--------+--------+-----+--------+
         Total |   1019 |    941 |     78 |      0 |    793 |   2 |  509.5 |
       Dungeon |   1019 |    941 |     78 |      0 |    793 |   2 |  509.5 |
               +--------+--------+--------+--------+--------+-----+--------+

Top non-repeatable levels by time:
     D:1: 1017 daAuts
     D:2: 2 daAuts
